 Dungeon Crawl Stone Soup version 0.14-a0-3345-g9255d23 (webtiles) character file.

823 Lancroian the Ruffian (level 7, -5/62 HPs)
             Began as a Naga Fighter on Mar 17, 2014.
             Slain by an orc warrior
             ... wielding a +0,+0 great sword
              (18 damage)
             ... on Level 5 of the Dungeon.
             The game lasted 00:29:08 (4478 turns).

Lancroian the Ruffian (Naga Fighter)                Turns: 4478, Time: 00:29:08

HP  -5/62        AC 10     Str 20      XL: 7   Next: 71%
MP   7/7         EV  5     Int  8      God:
Gold 102         SH 19     Dex 13      Spells:  0 memorised,  6 levels left

rFire  . . .     SeeInvis +       - Unarmed
rCold  . . .     Clarity  .     b - +0 scale mail
rNeg   + . .     Conserve .     c - +0 shield
rPois  +         rCorr    .     u - +2 helmet
rElec  .         rRot     .     x - +0 cloak
SustAb . .       Spirit   .     (no gloves)
rMut   .         Warding  .     (no barding)
Saprov . . .     Stasis   .     s - amulet of inaccuracy {unknown}
MR     .....                    l - +2 ring of dexterity
                                z - ring of positive energy

@: drained, very slow, not resistant to hostile enchantments, extremely
unstealthy
A: spit poison, see invisible, deformed body, poison resistance, slowness 2, AC
+2
a: Spit Poison


You were on level 5 of the Dungeon.
You were hungry.

You visited 1 branch of the dungeon, and saw 5 of its levels.
You also visited: Sewer.

You collected 102 gold pieces.

Inventory:

Hand weapons
 C - a +0,+0 club
Missiles
 o - 16 darts (quivered)
Armour
 b - a +0 scale mail (worn)
 c - a +0 shield (worn)
 u - a +2 helmet (worn)
 w - a +1 chain mail
 x - a +0 cloak (worn)
Magical devices
 d - a wand of slowing (0) {unknown}
 i - a wand of paralysis (13)
Comestibles
 A - a bread ration
Scrolls
 a - a scroll of amnesia
 g - a scroll of teleportation
 j - a scroll of remove curse
 k - a scroll of identify
 r - 2 scrolls of enchant armour
 y - a scroll of fog {unknown}
Jewellery
 l - a +2 ring of dexterity (right hand)
 n - an uncursed ring of magical power
 s - an amulet of inaccuracy (around neck) {unknown}
 z - a ring of positive energy (left hand)
 D - an uncursed amulet of resist corrosion
Potions
 f - 2 potions of heal wounds
 h - a potion of restore abilities
 m - a potion of curing
 p - 2 potions of resistance {unknown}
 t - 2 potions of brilliance {unknown}
 v - 2 potions of berserk rage {unknown}
 F - a potion of magic {unknown}


   Skills:
 * Level 3.6(3.5) Fighting
   Level 2.0(1.9) Polearms
 - Level 3.5(3.4) Armour
 - Level 3.6(3.5) Shields
 + Level 6.3(6.2) Unarmed Combat


You had 6 spell levels left.
You didn't know any spells.

Dungeon Overview and Level Annotations

Branches:
Dungeon (5/15)
 Temple: D:4-7

Altars:
Fedhas
Kikubaaqudgha
Sif Muna

Shops:
D:5 (

Annotations:
D:5 Blork the orc


Innate Abilities, Weirdness & Mutations

You cannot wear boots.
You can spit poison.
Your serpentine skin is tough (AC +2).
You have supernaturally acute eyesight.
Armour fits poorly on your strangely shaped body.
Your system is resistant to poisons.
You cover ground very slowly.


Message History

You hit the orc warrior.
The orc warrior is moderately wounded.
The orc warrior hits you with a great sword!
* * * LOW HITPOINT WARNING * * *
You barely miss the orc warrior.
The orc warrior is moderately wounded.
The orc warrior hits you but does no damage.
You hit the orc warrior.
The orc warrior is heavily wounded.
You closely miss the orc warrior.
The orc warrior is heavily wounded.
You block the orc warrior's attack.
You hit the orc warrior.
The orc warrior is heavily wounded.
You have got your breath back.
You block the orc warrior's attack.
You hit the orc warrior but do no damage.
The orc warrior is heavily wounded.
The orc warrior hits you with a great sword!
You die...

#.# ..# ..# ..#
#####.# ..#..####
#.#..... #
o.#####.#..####.#
...>((.)((((o@..#
#########.#######
#..#.#...#
#..#.....####
###......#....#
..∩.......###.#
###.#.#^#.#.#.#
.....#...#...#
.........#.###


You could see an orc warrior.

Vanquished Creatures
  Grinder (D:3)
  An ogre (D:4)
  A centaur (D:4)
  A wight (D:5)
  Crazy Yiuf (D:2)
  An orc priest (D:3)
  An orc wizard (D:3)
  Ijyb (D:3)
  3 gnolls (D:3)
  5 adders
  2 worms
  6 giant geckos
  An ooze (D:2)
  7 orcs
  9 goblins
  13 hobgoblins
  6 jackals
  2 ball pythons
  5 bats
  7 giant cockroaches
  5 giant newts
  7 kobolds
  30 rats
116 creatures vanquished.

Notes
Turn   | Place    | Note
--------------------------------------------------------------
     0 | D:1      | Lancroian, the Naga Fighter, began the quest for the Orb.
     0 | D:1      | Reached XP level 1. HP: 21/21 MP: 1/1
   311 | D:1      | Reached skill level 1 in Unarmed Combat
   533 | D:1      | Reached XP level 2. HP: 28/28 MP: 2/2
   938 | D:2      | Reached XP level 3. HP: 31/34 MP: 3/3
  1312 | D:2      | Reached XP level 4. HP: 42/42 MP: 4/4
  1548 | D:2      | Noticed Crazy Yiuf
  1558 | D:2      | Killed Crazy Yiuf
  1558 | D:2      | Reached skill level 4 in Unarmed Combat
  1845 | D:3      | Noticed Grinder
  1854 | D:3      | Paralysed by Grinder for 6 turns
  1864 | D:3      | HP: 1/42 [Grinder (5)]
  1876 | D:3      | Killed Grinder
  1876 | D:3      | Reached skill level 6 in Unarmed Combat
  1876 | D:3      | Reached XP level 5. HP: 5/49 MP: 5/5
  1876 | D:3      | Reached XP level 6. HP: 5/56 MP: 6/6
  2668 | D:3      | Noticed Ijyb
  2684 | D:3      | Killed Ijyb
  2684 | D:3      | Reached XP level 7. HP: 60/62 MP: 7/7
  3155 | D:4      | Found a glowing drain.
  3185 | Sewer    | Entered a sewer
  3930 | D:4      | Found a deep blue altar of Sif Muna.
  3932 | D:4      | Found an ancient bone altar of Kikubaaqudgha.
  3935 | D:4      | Found a blossoming altar of Fedhas.
  4125 | D:5      | Entered Level 5 of the Dungeon
  4394 | D:5      | Found Phatid's Weapon Boutique.
  4461 | D:5      | Noticed Blork the orc
  4478 | D:5      | Slain by an orc warrior

Action                   |  1- 3 |  4- 6 |  7- 9 || total
-------------------------+-------+-------+-------++-------
Melee: Trident           |    59 |    20 |       ||    79
       Unarmed           |       |    64 |   189 ||   253
Throw: Dart              |     8 |     8 |    27 ||    43
 Abil: Spit Poison       |    37 |    22 |    51 ||   110
Evoke: Wand              |       |       |     1 ||     1
  Use: Potion            |       |     7 |     1 ||     8
       Scroll            |       |       |    12 ||    12
